 Dungeon Crawl Stone Soup version bcrawl-1.27.3 (webtiles) character file.

Game seed: 16933567665640386420

187898 MisterOstroum the Changer (level 8, -4/66 HPs)
             Began as an Octopode Transmuter on Sept 7, 2020.
             Slain by a centaur (6 damage)
             ... on level 6 of the Dungeon.
             The game lasted 00:10:22 (5488 turns).

MisterOstroum the Changer (Octopode Transmuter)     Turns: 5488, Time: 00:10:23

Health: -4/66      AC:  6    Str: 11    XL:     8   Next: 10%
Magic:  3/11       EV: 10    Int: 16    God:
Gold:   116        SH:  0    Dex: 12    Spells: 4/11 levels left

rFire    x . .     SeeInvis .     - Ice fists (freeze) (19.2)
rCold    + + +     Gourm    .   (shield currently unavailable)
rNeg     . . .     Faith    .   (helmet currently unavailable)
rPois    +         Spirit   .   (cloak currently unavailable)
rElec    .         Reflect  .   (no amulet)
rCorr    .         Harm     .   D - ring of protection from magic
MR       +++..                  (no ring)
Stlth    +.........             (no ring)
HPRegen  0.21/turn              (no ring)
MPRegen  0.12/turn              (no ring)
                                (no ring)
                                (no ring)
                                (no ring)

@: ice-form, very slightly contaminated
A: large, almost no armour, stealthy swim, amphibious, 8 rings, (constrict 8)
a: End Transformation


You were on level 6 of the Dungeon.
You were hungry.
You were a creature of crystalline ice.
You visited 1 branch of the dungeon, and saw 6 of its levels.

You collected 406 gold pieces.
You spent 290 gold pieces at shops.

Inventory:

Hand Weapons
 b - a +0 hunting sling
 f - a +0 dagger of flaming
 p - a +1 dagger of venom
 r - a +1 dagger of flaming
 C - a +0 rapier
Missiles
 d - 684 stones (quivered)
 k - 224 arrows
 s - 42 poisoned tomahawks
 w - 115 bolts
 B - 139 sling bullets
Armour
 z - a scarf of resistance (melded)
Jewellery
 D - a ring of protection from magic (left front paw)
Wands
 u - a wand of enslavement (12)
 x - a wand of iceblast (9)
 y - a wand of paralysis (8)
 G - a wand of random effects (9)
 I - a wand of acid (6)
Scrolls
 g - a scroll of fear {unknown}
 h - 7 scrolls of remove curse {unknown}
 i - 2 scrolls of teleportation {unknown}
 j - a scroll of blinking {unknown}
 m - 2 scrolls of fog {unknown}
 o - 3 scrolls of enchant weapon {unknown}
 E - a scroll of identify {@r1}
 H - a scroll of noise {unknown}
Potions
 a - a potion of lignification {@q6}
 l - 2 potions of might
 n - a potion of brilliance
 q - a potion of flight
 t - a potion of ambrosia
 v - 2 potions of heal wounds {unknown}
 A - a potion of haste {@q4 !q}
 F - 2 potions of curing {unknown}
Comestibles
 e - 6 rations {!d}


   Skills:
 - Level 5.0 Fighting
 - Level 2.0 Dodging
 - Level 5.0 Unarmed Combat
 - Level 2.0 Spellcasting
 * Level 5.6 Transmutations
 + Level 3.1 Ice Magic


You had 4 spell levels left.
You knew the following spells:

 Your Spells              Type           Power        Failure   Level  Hunger
a - Beastly Appendage     Tmut           ###...       1%          1    None
b - Sticks to Snakes      Tmut           ###.....     3%          2    ##.....
c - Ice Form              Ice/Tmut       ###.....     34%         4    ######.

Your spell library contained the following spells:

 Spells                   Type           Power        Failure   Level  Hunger
 Passwall                 Tmut/Erth      ##......     10%         2    ##.....
 Spider Form              Tmut/Pois      ##.          21%         3    ####...
 Blade Hands              Tmut           ###.......   50%         5    #######


Dungeon Overview and Level Annotations

Branches:
Dungeon (6/12)
 Temple: D:4-7

Altars:
Cheibriados
Fedhas
Hepliaklqana
Qazlal
Yredelemnul

Shops:
D:5 *

Annotations:
D:4 exclusions: killer bee and 1 more exclusion
D:5 exclusions: ice beast and ogre, Grinder


Innate Abilities, Weirdness & Mutations

You cannot wear most types of armour.
You are very stealthy in the water. (Stealth+)
You are amphibious.
You can wear up to eight rings at the same time.
((You can use your tentacles to constrict eight enemies at once.))
((Your skin changes colour to match your surroundings (Stealth+).))
((Your rubbery body absorbs attacks. (AC +1, EV +1)))


Message History

Throwing (i - inventory. (/) - cycle)
d - 686 stones (quivered)
Press: ? - help, Shift-Dir - straight line, f - giant cockroach
Aim: a giant cockroach (clinging)
You throw a stone.
The stone closely misses the giant cockroach.
The giant cockroach closely misses you.
You tentacle-slap the giant cockroach. You grab the giant cockroach.
The giant cockroach is almost dead.
You constrict the giant cockroach.
You kill the giant cockroach!
No target in view!
No target in view!
You butcher the giant cockroach corpse.
c - a chunk of flesh A dart slug comes into view.
A dart slug is nearby!
The helpless dart slug fails to defend itself.
You tentacle-slap the dart slug. You grab the dart slug.
You squeeze the dart slug!
The dart slug is almost dead.
You constrict the dart slug.
You kill the dart slug!
No target in view!
No target in view!
You butcher the dart slug corpse.
c - 2 chunks of flesh (gained 1)
You see here an encrusted leather armour.
You see here an encrusted leather armour.
Eating one of 2 chunks of flesh.
You eat one of the 2 chunks of flesh.
This raw flesh tastes terrible.
Partly explored, can't reach some items and places.
(D) Dungeon
Where to? (Enter - D:5, ? - help)
There is a stone staircase leading down here.
All of the chunks of flesh in your inventory have rotted away.
You climb downwards.
There is a stone staircase leading up here.
Found a stone staircase leading down.
A centaur comes into view.
A centaur is nearby!
Throwing (i - inventory. (/) - cycle)
d - 685 stones (quivered)
Press: ? - help, Shift-Dir - straight line, f - centaur
Aim: a centaur, quivering 146 arrows (resting)
You throw a stone.
The stone hits the centaur but does no damage.
The centaur wields a +0 shortbow.
The centaur shoots an arrow.
The arrow hits you!
The centaur shoots an arrow.
The arrow closely misses you.
Casting: Ice Form (quite dangerous; 34% risk of failure)
Confirm with . or Enter, or press ? or * to list all spells.
One of your tentacles grows a vicious spike.
Unknown command.
Okay, then.
You start resting.
The centaur is too close now for your liking.
The centaur unwields a +0 shortbow.
The centaur hits you. The centaur closely misses you.
You tentacle-slap the centaur but do no damage.
The centaur barely misses you.
You tentacle-slap the centaur but do no damage.
You pierce the centaur.
The centaur is lightly wounded.
The centaur hits you.
You tentacle-slap the centaur but do no damage.
Your tentacle spike misses the centaur.
The centaur barely misses you.
You completely miss the centaur.
The centaur hits you but does no damage.
The centaur completely misses you.
You tentacle-slap the centaur.
The centaur is lightly wounded.
The centaur hits you.
You tentacle-slap the centaur.
The centaur is lightly wounded.
The centaur hits you.
You tentacle-slap the centaur.
The centaur is moderately wounded.
The centaur hits you!
You barely miss the centaur. Your squeeze misses the centaur.
The centaur is moderately wounded.
The centaur hits you!
* * * LOW HITPOINT WARNING * * *
The centaur hits you.
* * * LOW HITPOINT WARNING * * *
Unknown command.
Casting: Beastly Appendage (safe; 1% risk of failure)
Confirm with . or Enter, or press ? or * to list all spells.
You miscast Ice Form.
You are very lightly contaminated with residual magic.
Your body is twisted painfully.
* * * LOW HITPOINT WARNING * * *
The centaur closely misses you.
Casting: Ice Form (quite dangerous; 34% risk of failure)
Confirm with . or Enter, or press ? or * to list all spells.
Your tentacle spike disappears.
You turn into a creature of crystalline ice.
Your scarf of resistance melds into your body.
You feel hot and cold all over.
You are feeling hungry.
The centaur hits you.
You die...

######
######.##<#
#....Y..#.#
#.####c##.#
#.##.# #.##.#
#########.##.#
..c..........###
#......#.......+
#......#...#####
#..........#


You could see a centaur.

Vanquished Creatures
  Menkaure (D:5)
  A phantom (D:4)
  An ogre (D:5)
  A howler monkey (D:5)
  A crimson imp (D:4)
  A centaur zombie (D:5)
  4 orc priests
  A hound (D:4)
  2 iguanas
  4 worker ants
  A hound skeleton (D:4)
  4 adders
  2 oozes
  2 adder skeletons
  2 worms (D:2)
  5 dart slugs
  3 leopard geckos
  10 orcs
  3 giant cockroaches
  2 gnoll zombies (D:4)
  9 goblins
  8 hobgoblins
  11 jackals
  11 kobolds
  6 quokkas
  7 bats
  2 frilled lizards
  2 quokka skeletons (D:4)
  5 rats
112 creatures vanquished.

Vanquished Creatures (collateral kills)
  An ogre (D:4)
  An adder (D:4)
2 creatures vanquished.

Grand Total: 114 creatures vanquished

Notes
Turn   | Place    | Note
-------+----------+-------------------------------------------
     0 | D:1      | MisterOstroum the Octopode Transmuter began the quest for
                  | the Orb.
     0 | D:1      | Reached XP level 1. HP: 13/13 MP: 3/3
   300 | D:1      | Reached XP level 2. HP: 13/18 MP: 3/5
   307 | D:1      | Learned a level 2 spell: Sticks to Snakes
   539 | D:1      | Reached XP level 3. HP: 24/24 MP: 6/6
  1280 | D:2      | Found a blossoming altar of Fedhas.
  1301 | D:2      | Reached XP level 4. HP: 30/30 MP: 5/7
  2041 | D:3      | Found a hazy altar of Hepliaklqana.
  2140 | D:3      | Learned a level 4 spell: Ice Form
  2161 | D:3      | Reached XP level 5. HP: 16/35 MP: 6/8
  2635 | D:3      | Found a stormy altar of Qazlal.
  2852 | D:4      | Reached skill level 1 in Ice Magic
  2860 | D:4      | Reached XP level 6. HP: 30/41 MP: 5/9
  3223 | D:4      | Reached skill level 5 in Unarmed Combat
  3441 | D:4      | Found a basalt altar of Yredelemnul.
  3510 | D:4      | Reached XP level 7. HP: 45/46 MP: 10/10
  3546 | D:4      | Found a snail-covered altar of Cheibriados.
  4067 | D:5      | Entered Level 5 of the Dungeon
  4398 | D:5      | Reached skill level 5 in Transmutations
  4518 | D:5      | Found Pienisic's Assorted Antiques.
  4532 | D:5      | Bought a blackened silver wand for 116 gold pieces
  4532 | D:5      | Bought a scroll labeled LUH FIMAR PUNU for 29 gold pieces
  4532 | D:5      | Bought a scroll labeled XYMPERYAFY for 29 gold pieces
  4532 | D:5      | Bought a bone wand for 116 gold pieces
  4715 | D:5      | Noticed Grinder
  5017 | D:5      | Noticed Menkaure
  5034 | D:5      | HP: 2/58 [Menkaure (16)]
  5035 | D:5      | Killed Menkaure
  5035 | D:5      | Reached skill level 5 in Fighting
  5035 | D:5      | Reached XP level 8. HP: 2/55 MP: 7/11
  5487 | D:6      | HP: 1/55 [something (8)]
  5488 | D:6      | Slain by a centaur

Skill      XL: |  1  2  3  4  5  6  7 |
---------------+----------------------+-----
Fighting       | 2 3 5 |  5.0
Unarmed Combat | 4 5 |  5.0
Transmutations | 3 4 5 |  5.6
Ice Magic      | 1 2 3 |  3.1
Dodging        | |  2.0
Spellcasting   | |  2.0

Action                   |  1- 3 |  4- 6 |  7- 9 || total
-------------------------+-------+-------+-------++-------
Melee: Unarmed           |    76 |   133 |    84 ||   293
       Constrict         |    17 |    38 |    10 ||    65
       Kick              |    12 |    13 |    13 ||    38
       Tentacles         |     8 |    23 |    11 ||    42
       Punch             |     2 |     7 |     1 ||    10
 Fire: Hunting sling     |     1 |       |       ||     1
Throw: Stone             |    12 |    10 |     5 ||    27
 Cast: Beastly Appendage |     9 |    10 |     9 ||    28
       Sticks to Snakes  |       |     6 |     1 ||     7
       Ice Form          |       |       |     3 ||     3
  Use: Scroll            |       |     4 |     2 ||     6
 Stab: Sleeping          |     4 |     5 |     1 ||    10
  Eat: Chunk             |     3 |    11 |     6 ||    20
       Ration            |       |       |     1 ||     1
Armor: Skin              |     4 |     4 |     9 ||    17
Dodge: Dodged            |    59 |    60 |    39 ||   158
